 Dungeon Crawl Stone Soup version 0.28.0-45-g0d030f2227 (webtiles) character file.

Game seed: 6584245868353023274

143 DearestLeader the Chopper (level 5, 0/47 HPs)
             Began as a Gnoll Chaos Knight on Apr 17, 2022.
             Was a Plaything of Xom.
             Succumbed to an adder's poison
             ... in a sewer.
             The game lasted 00:03:28 (1225 turns).

DearestLeader the Chopper (Gnoll Chaos Knight)      Turns: 1225, Time: 00:03:28

Health: 0/47       AC:  5    Str: 13    XL:     5   Next: 25%
Magic:  7/7        EV: 12    Int: 11    God:    Xom [..*...]
Gold:   20         SH:  0    Dex: 12    Spells: 6/6 levels left

rFire   + . .      SeeInvis .   a - +0 hand axe (chaos)
rCold   + . .      Faith    .   (no shield)
rNeg    . . .      Spirit   .   b - +2 leather armour
rPois   +          Reflect  .   (no helmet)
rElec   +          Harm     .   (no cloak)
rCorr   +          Rampage  .   (no gloves)
Will    .....                   (no boots)
Stlth   +.........              (no amulet)
HPRegen 0.15/turn               (no ring)
MPRegen 0.10/turn               (no ring)

@: lethally poisoned (0 -> -9), resistant, attractive
A: fangs 1, strong nose, distributed training
a: Renounce Religion


You were in a sewer.
You worshipped Xom.
You were a toy of Xom.
You visited 1 branch of the dungeon, and saw 3 of its levels.
You also visited: Sewer.

You collected 20 gold pieces.

Inventory:

Hand Weapons
 a - a +0 hand axe of chaos (weapon)
 h - a +0 hunting sling
Armour
 b - a +2 leather armour (worn)
Jewellery
 i - a ring of poison resistance
Scrolls
 j - a scroll of enchant weapon
Potions
 d - 2 potions of magic


   Skills:
 + Level 6.7 Fighting
 + Level 1.4 Short Blades
 + Level 1.4 Long Blades
 + Level 6.7 Axes
 + Level 1.4 Maces & Flails
 + Level 1.4 Polearms
 + Level 1.4 Staves
 + Level 1.4 Slings
 + Level 1.4 Bows
 + Level 1.4 Crossbows
 + Level 1.4 Throwing
 + Level 4.7 Armour
 + Level 2.9 Dodging
 + Level 1.4 Stealth
 + Level 1.4 Shields
 + Level 1.4 Unarmed Combat
 + Level 1.4 Spellcasting
 + Level 1.1 Conjurations
 + Level 1.1 Hexes
 + Level 1.1 Summonings
 + Level 1.1 Necromancy
 + Level 1.1 Translocations
 + Level 1.1 Transmutations
 + Level 1.1 Fire Magic
 + Level 1.1 Ice Magic
 + Level 1.1 Air Magic
 + Level 1.1 Earth Magic
 + Level 1.1 Poison Magic
 + Level 1.6 Invocations
 + Level 1.4 Evocations


You had 6 spell levels left.
You didn't know any spells.
Your spell library contained the following spells:

 Spells                   Type           Power      Damage    Failure   Level
 Animate Skeleton         Necr           6%         N/A       24%         1
 Apportation              Tloc           6%         N/A       24%         1
 Sting                    Tmut/Pois      12%        1d3       24%         1
 Summon Small Mammal      Summ           12%        N/A       24%         1
 Poisonous Vapours        Pois/Air       6%         N/A       34%         2
 Olgreb's Toxic Radiance  Pois           3%         N/A       93%         4


Dungeon Overview and Level Annotations

Branches:
Dungeon (3/15)              Sewer (1/1)

Altars:
Nemelex Xobeh

Annotations:
D:2 Sigmund


Innate Abilities, Weirdness & Mutations

You have very sharp teeth.
Your uncanny sense of smell can sniff out nearby items.
Your experience applies equally to all skills.


Message History

You are more poisoned.
Something poisons you! Something bites you.
* * * LOW HITPOINT WARNING * * *
The adder bites you.
* * * LOW HITPOINT WARNING * * *
You are more poisoned.
The adder poisons you!
You barely miss the adder. Your bite misses the adder.
The adder is lightly wounded.
You barely miss something.
* * * LOW HITPOINT WARNING * * *
You feel very sick. Something bites you but does no damage.
The adder misses you. Something bites you.
* * * LOW HITPOINT WARNING * * *
You feel better. Something bites you.
* * * LOW HITPOINT WARNING * * *
You are poisoned.
Something poisons you! The adder bites you but does no damage.
Something bites you but does no damage.
You hit the adder. You freeze the adder. Your bite misses the adder.
The adder is heavily wounded.
You closely miss something.
You feel sick. Something bites you but does no damage.
The adder bites you but does no damage. Something bites you.
* * * LOW HITPOINT WARNING * * *
The adder bites you.
* * * LOW HITPOINT WARNING * * *
It was a potion of attraction.
You feel attractive to monsters.
* * * LOW HITPOINT WARNING * * *
You feel sick. Something bites you.
* * * LOW HITPOINT WARNING * * *
You are more poisoned.
Something poisons you! The adder completely misses you. Something bites you.
* * * LOW HITPOINT WARNING * * *
It was a potion of resistance.
You feel protected.
You die...
Xom howls with laughter!

#.# #≈# #.# #≈# #.# #≈#
##################≈######
#∩≈.≈≈≈≈...≈.{†≈≈≈≈≈≈..≈.≈
#∩..≈≈≈.≈≈≈≈.@S≈≈≈≈≈≈≈≈.≈≈
##########################


You could see an adder.

Vanquished Creatures
  A howler monkey (D:2)
  Natasha (twice) (D:2)
  2 worms
  A dart slug (D:1)
  An orc (D:3)
  4 ball pythons
  6 endoplasms
  2 giant cockroaches
  5 hobgoblins (D:1)
  2 jackals (D:1)
  6 kobolds (D:1)
  3 quokkas
  2 bats (D:1)
  A frilled lizard (D:1)
  4 goblins
  4 rats
46 creatures vanquished.

Notes
Turn   | Place    | Note
-------+----------+-------------------------------------------
     0 | D:1      | DearestLeader the Gnoll Chaos Knight began the quest for
                  | the Orb.
     0 | D:1      | Reached XP level 1. HP: 23/23 MP: 1/1
   158 | D:1      | Reached XP level 2. HP: 29/29 MP: 2/2
   325 | D:1      | XOM: silly message
   418 | D:1      | Reached XP level 3. HP: 35/35 MP: 3/3
   785 | D:1      | Reached skill level 1 in Invocations
   849 | D:2      | Noticed Natasha
   850 | D:2      | XOM: potion effect (might)
   854 | D:2      | Killed Natasha
   855 | D:2      | Reached skill level 1 in Short Blades
   855 | D:2      | Reached skill level 1 in Long Blades
   855 | D:2      | Reached skill level 1 in Maces & Flails
   855 | D:2      | Reached skill level 1 in Polearms
   855 | D:2      | Reached skill level 1 in Staves
   855 | D:2      | Reached skill level 1 in Slings
   855 | D:2      | Reached skill level 1 in Bows
   855 | D:2      | Reached skill level 1 in Crossbows
   855 | D:2      | Reached skill level 1 in Throwing
   855 | D:2      | Reached skill level 1 in Stealth
   855 | D:2      | Reached skill level 1 in Shields
   855 | D:2      | Reached skill level 1 in Unarmed Combat
   855 | D:2      | Reached skill level 1 in Spellcasting
   855 | D:2      | Reached skill level 1 in Evocations
   855 | D:2      | Reached XP level 4. HP: 41/41 MP: 5/5
   901 | D:2      | Found a sparkling altar of Nemelex Xobeh.
   902 | D:2      | Noticed Natasha
   910 | D:2      | Killed Natasha
   911 | D:2      | Reached skill level 1 in Conjurations
   911 | D:2      | Reached skill level 1 in Hexes
   911 | D:2      | Reached skill level 1 in Summonings
   911 | D:2      | Reached skill level 1 in Necromancy
   911 | D:2      | Reached skill level 1 in Translocations
   911 | D:2      | Reached skill level 1 in Transmutations
   911 | D:2      | Reached skill level 1 in Fire Magic
   911 | D:2      | Reached skill level 1 in Ice Magic
   911 | D:2      | Reached skill level 1 in Air Magic
   911 | D:2      | Reached skill level 1 in Earth Magic
   911 | D:2      | Reached skill level 1 in Poison Magic
   998 | D:2      | Noticed Terence
  1000 | D:2      | Noticed Sigmund
  1008 | D:2      | Noticed Terence
  1008 | D:2      | Terence changed into Terence the howler monkey
  1008 | D:2      | XOM: polymorph Terence -> Terence the howler monkey
  1018 | D:2      | Killed Terence the howler monkey
  1019 | D:2      | Reached XP level 5. HP: 36/47 MP: 5/7
  1159 | D:3      | Found a glowing drain.
  1170 | Sewer    | XOM: stealth player
  1170 | Sewer    | Entered a sewer
  1224 | Sewer    | HP: 2/47 [something (2)]
  1225 | Sewer    | Succumbed to an adder's poison

Illustrated notes

Levels and vault maps discovered:
D:1:      evilmike_arrival_hilbert_curve, layout_loops_ring, moated_statue
D:2:      layout_basic, basic_altar, serial_shops, nicolae_shop_behind_doors,
          uniq_terence, uniq_sigmund, uniq_natasha
D:3:      layout_rooms, nicolae_tso_swordbearing_angel, gup_sewer_entry_bubbles,
          hellmonk_ecumenical_altar_dog_temple
Sewer:    sewer_co_cracked_pipes

Skill      XL: |  1  2  3  4 |
---------------+-------------+-----
Invocations    | 1 |  1.6
Short Blades   | 1 |  1.4
Long Blades    | 1 |  1.4
Maces & Flails | 1 |  1.4
Polearms       | 1 |  1.4
Staves         | 1 |  1.4
Slings         | 1 |  1.4
Bows           | 1 |  1.4
Crossbows      | 1 |  1.4
Throwing       | 1 |  1.4
Stealth        | 1 |  1.4
Shields        | 1 |  1.4
Unarmed Combat | 1 |  1.4
Spellcasting   | 1 |  1.4
Evocations     | 1 |  1.4
Conjurations   | 1 |  1.1
Hexes          | 1 |  1.1
Summonings     | 1 |  1.1
Necromancy     | 1 |  1.1
Translocations | 1 |  1.1
Transmutations | 1 |  1.1
Fire Magic     | 1 |  1.1
Ice Magic      | 1 |  1.1
Air Magic      | 1 |  1.1
Earth Magic    | 1 |  1.1
Poison Magic   | 1 |  1.1
Fighting       | |  6.7
Axes           | |  6.7
Armour         | |  4.7
Dodging        | |  2.9

Action                   |  1- 3 |  4- 6 || total
-------------------------+-------+-------++-------
Melee: Hand axe          |    67 |    47 ||   114
       Punch             |     1 |       ||     1
       Bite              |     2 |     7 ||     9
  Use: Scroll            |       |     5 ||     5
       Potion            |       |     3 ||     3
 Stab: Sleeping          |     2 |       ||     2
Armor: Leather armour    |    24 |    20 ||    44
Dodge: Dodged            |    39 |    39 ||    78
